AA - U28
AKRON RUBBERDUCKS @ BOWIE BAYSOX
06/30/2052
 
TOP OF THE 1ST
Gateway Grizzlies batting - Pitching for New Haven Ravens : RHP Calvin Richardson
Pitching: RHP Calvin Richardson
Batting: LHB León Amador 0-0: Ball
1-0: Foul Ball, location: 2F
1-1: Ground out 4-3 (Groundball, 4MS, EV 90.0 MPH)
Batting: LHB Jake Butler 0-0: Called Strike
0-1: Hit by Pitch
Batting: RHB Ryan DesMarais 0-0: Called Strike
0-1: Ball
1-1: Ball
2-1: Foul Ball, location: 2F
2-2: Ball
3-2: Foul Ball, location: 2F
3-2: Foul Ball, location: 2F
3-2: Fly out, F7 (Flyball, 7, EV 88.1 MPH)
Batting: LHB Ben Mizzell 0-0: Ball
1-0: Ball
2-0: Ball
3-0: Base on Balls
Jake Butler to second
Batting: SHB Chris Onder 0-0: Ball
1-0: Ground out 4-3 (Groundball, 4S, EV 85.6 MPH)
Top of the 1st over - 0 runs, 0 hits, 0 errors, 2 left on base; Gateway 0 - New Haven 0
BOTTOM OF THE 1ST
New Haven Ravens batting - Pitching for Gateway Grizzlies : LHP Dan McLean
Pitching: LHP Dan McLean
Batting: RHB Carter Johnson 0-0: Ball
1-0: Called Strike
1-1: Foul Ball, location: 2F
1-2: Strikes out swinging
Batting: RHB Kayvon Terry 0-0: Called Strike
0-1: Foul Ball, location: 2F
0-2: Ball
1-2: Fly out, F8 (Flyball, 89M, EV 85.6 MPH)
Batting: LHB Clive Frisco 0-0: Called Strike
0-1: Ball
1-1: Foul Ball, location: 2F
1-2: Foul Ball, location: 2F
1-2: Strikes out looking
Bottom of the 1st over - 0 runs, 0 hits, 0 errors, 0 left on base; Gateway 0 - New Haven 0
TOP OF THE 2ND
Gateway Grizzlies batting - Pitching for New Haven Ravens : RHP Calvin Richardson
Batting: LHB Josh Harms 0-0: Ball
1-0: Foul Ball, location: 2F
1-1: Ball
2-1: SINGLE (Groundball, P, EV 84.4 MPH) (infield hit)
Batting: RHB Jose Reyna 0-0: Foul Ball, location: 2F
0-1: Ball
1-1: Ball
Josh Harms steals 2nd base
2-1: Ground out 4-3 (Groundball, 4MD, EV 104.4 MPH)
Josh Harms to third
Batting: RHB Rodolfo Lugo 0-0: Ball
1-0: Ground out 6-3 (Groundball, 6, EV 108.8 MPH)
Josh Harms scores
Batting: RHB Andy Burkholder 0-0: Called Strike
0-1: Called Strike
0-2: Ball
1-2: Ground out 5-3 (Groundball, 5S, EV 84.4 MPH)
Top of the 2nd over - 1 run, 1 hit, 0 errors, 0 left on base; Gateway 1 - New Haven 0
BOTTOM OF THE 2ND
New Haven Ravens batting - Pitching for Gateway Grizzlies : LHP Dan McLean
Batting: RHB Landon McBurnie 0-0: Swinging Strike
0-1: Foul Ball, location: 2F
0-2: Ball
1-2: SINGLE (Line Drive, 8RS, EV 103.1 MPH)
Batting: RHB D.J. McCue 0-0: Ball
1-0: Ball
2-0: Ball
3-0: Called Strike
3-1: Called Strike
3-2: Foul Ball, location: 2F
3-2: Foul Ball, location: 2F
3-2: Foul Ball, location: 2F
3-2: Fly out, F8 (Line Drive, 8LD, EV 95.6 MPH)
Batting: RHB Alexander Brenner 0-0: Swinging Strike
0-1: Ball
1-1: Called Strike
1-2: Strikes out swinging
Batting: LHB Keith Lee 0-0: Ball
1-0: Ground out 4-3 (Groundball, 4, EV 106.2 MPH)
Bottom of the 2nd over - 0 runs, 1 hit, 0 errors, 1 left on base; Gateway 1 - New Haven 0
TOP OF THE 3RD
Gateway Grizzlies batting - Pitching for New Haven Ravens : RHP Calvin Richardson
Batting: LHB León Amador 0-0: Swinging Strike
0-1: Foul Ball, location: 2F
0-2: Foul Ball, location: 2F
0-2: Fly out, F4 (Popup, 34S, EV 75.6 MPH)
Batting: LHB Jake Butler 0-0: Ground out 1-3 (Groundball, 13S, EV 68.8 MPH)
Batting: RHB Ryan DesMarais 0-0: Called Strike
0-1: Ball
1-1: Ball
2-1: Foul Ball, location: 2F
2-2: Fly out, F9 (Flyball, 9LM, EV 80.6 MPH)
Top of the 3rd over - 0 runs, 0 hits, 0 errors, 0 left on base; Gateway 1 - New Haven 0
BOTTOM OF THE 3RD
New Haven Ravens batting - Pitching for Gateway Grizzlies : LHP Dan McLean
Batting: RHB Adam Widder 0-0: Swinging Strike
0-1: Swinging Strike
0-2: Ball
1-2: Strikes out swinging
Batting: RHB Heath Calvillo 0-0: Ball
1-0: DOUBLE (Flyball, 8LD, EV 105.0 MPH)
Batting: RHB Carter Johnson 0-0: Foul Ball, location: 2F
0-1: Ball
1-1: Ball
2-1: Foul Ball, location: 2F
2-2: Ground out 5-3 (Groundball, 5L, EV 85.0 MPH)
Batting: RHB Kayvon Terry 0-0: Ball
1-0: Ball
2-0: Swinging Strike
2-1: Foul Ball, location: 2F
2-2: SINGLE (Line Drive, 4MD, EV 96.2 MPH)
Heath Calvillo to third
Runner from 3rd tries for Home, SAFE, throw by CF to home
Batting: LHB Clive Frisco 0-0: Ball
1-0: Fly out, F7 (Flyball, 7S, EV 83.1 MPH)
Bottom of the 3rd over - 1 run, 2 hits, 0 errors, 1 left on base; Gateway 1 - New Haven 1
TOP OF THE 4TH
Gateway Grizzlies batting - Pitching for New Haven Ravens : RHP Calvin Richardson
Batting: LHB Ben Mizzell 0-0: SOLO HOME RUN (Flyball, 89XD, EV 113.8 MPH), Distance : 444 ft
Batting: SHB Chris Onder 0-0: Called Strike
0-1: Ball
1-1: Ground out 2-3 (Groundball, 15S, EV 75.0 MPH)
Batting: LHB Josh Harms 0-0: Foul Ball, location: 2F
0-1: Foul Ball, location: 2F
0-2: Ball
1-2: Ball
2-2: Foul Ball, location: 2F
2-2: Ball
3-2: Foul Ball, location: 2F
3-2: Base on Balls
Batting: RHB Jose Reyna 0-0: Called Strike
0-1: Foul Ball, location: 2F
0-2: Ball
1-2: Foul Ball, location: 2F
1-2: Foul Ball, location: 2F
1-2: Ball
2-2: Foul Ball, location: 2F
2-2: Ball
3-2: Foul Ball, location: 2F
3-2: Reached on error, E5 (Groundball, 5, EV 87.5 MPH)
Josh Harms to third
Batting: RHB Rodolfo Lugo 0-0: Called Strike
0-1: Ball
1-1: Foul Ball, location: 2F
1-2: Foul Ball, location: 2F
1-2: Fly out, F8 (Flyball, 8RS, EV 97.5 MPH)
Batting: RHB Andy Burkholder 0-0: Ball
1-0: Reached on error, E5 (Groundball, 5L, EV 85.6 MPH)
Josh Harms scores
Jose Reyna to third
Batting: LHB León Amador 0-0: Foul Ball, location: 2F
0-1: Ball
1-1: Ball
2-1: Ball
3-1: Foul Ball, location: 2F
3-2: Foul Ball, location: 2F
3-2: Foul Ball, location: 2F
3-2: Single, Error in OF, E9, batter to second base (Line Drive, 9S, EV 104.4 MPH)
Jose Reyna scores
Andy Burkholder to third
Batting: LHB Jake Butler 0-0: Ball
1-0: Ball
2-0: Called Strike
2-1: Fly out, F9 (Flyball, 9LM, EV 111.2 MPH)
Top of the 4th over - 3 runs, 2 hits, 3 errors, 2 left on base; Gateway 4 - New Haven 1
BOTTOM OF THE 4TH
New Haven Ravens batting - Pitching for Gateway Grizzlies : LHP Dan McLean
Batting: RHB Landon McBurnie 0-0: Ball
1-0: Ball
2-0: Ball
3-0: Called Strike
3-1: Fly out, F8 (Flyball, 8LM, EV 94.4 MPH)
Batting: RHB D.J. McCue 0-0: Called Strike
0-1: Swinging Strike
0-2: Ball
1-2: Strikes out swinging
Batting: RHB Alexander Brenner 0-0: Ball
1-0: Ball
2-0: Swinging Strike
2-1: SINGLE (Groundball, 4MD, EV 102.5 MPH)
Batting: LHB Keith Lee 0-0: Ball
1-0: Ball
2-0: Foul Ball, location: 2F
2-1: Ball
3-1: Foul Ball, location: 2F
3-2: Strikes out swinging
Bottom of the 4th over - 0 runs, 1 hit, 0 errors, 1 left on base; Gateway 4 - New Haven 1
TOP OF THE 5TH
Gateway Grizzlies batting - Pitching for New Haven Ravens : RHP Calvin Richardson
Batting: RHB Ryan DesMarais 0-0: Called Strike
0-1: Foul Ball, location: 2F
0-2: Ball
1-2: Ball
2-2: Strikes out swinging
Batting: LHB Ben Mizzell 0-0: Ball
1-0: Ball
2-0: Foul Ball, location: 2F
2-1: Swinging Strike
2-2: Ball
3-2: Fly out, F8 (Flyball, 8LM, EV 95.0 MPH)
Batting: SHB Chris Onder 0-0: Called Strike
0-1: Ball
1-1: Fly out, F6 (Flyball, 6D, EV 80.0 MPH)
Top of the 5th over - 0 runs, 0 hits, 0 errors, 0 left on base; Gateway 4 - New Haven 1
BOTTOM OF THE 5TH
New Haven Ravens batting - Pitching for Gateway Grizzlies : LHP Dan McLean
Batting: RHB Adam Widder 0-0: Ball
1-0: Fly out, F8 (Flyball, 8LD, EV 97.5 MPH)
Batting: RHB Heath Calvillo 0-0: Called Strike
0-1: Called Strike
0-2: Ball
1-2: Foul Ball, location: 2F
1-2: Ground out 4-3 (Groundball, 4, EV 89.4 MPH)
Batting: RHB Carter Johnson 0-0: Swinging Strike
0-1: Swinging Strike
0-2: Ball
1-2: Ball
2-2: Strikes out swinging
Bottom of the 5th over - 0 runs, 0 hits, 0 errors, 0 left on base; Gateway 4 - New Haven 1
TOP OF THE 6TH
Gateway Grizzlies batting - Pitching for New Haven Ravens : RHP Calvin Richardson
Batting: LHB Josh Harms 0-0: Called Strike
0-1: Ground out 4-3 (Groundball, 4, EV 98.8 MPH)
Pitching: RHP Blake Cox
Batting: RHB Jose Reyna 0-0: Ball
1-0: Ball
2-0: Ball
3-0: Called Strike
3-1: Base on Balls
Batting: RHB Rodolfo Lugo 0-0: Swinging Strike
0-1: Fly out, F3 (Popup, 3SF, EV 85.6 MPH)
Batting: RHB Andy Burkholder 0-0: Ball
1-0: Ball
2-0: Called Strike
2-1: Fly out, F8 (Flyball, 78M, EV 88.8 MPH)
Top of the 6th over - 0 runs, 0 hits, 0 errors, 1 left on base; Gateway 4 - New Haven 1
BOTTOM OF THE 6TH
New Haven Ravens batting - Pitching for Gateway Grizzlies : LHP Dan McLean
Batting: RHB Kayvon Terry 0-0: Called Strike
0-1: Ball
1-1: Ground out 6-3 (Groundball, 6, EV 78.8 MPH)
Batting: LHB Clive Frisco 0-0: Ball
1-0: Fly out, F7 (Flyball, 7D, EV 86.2 MPH)
Batting: RHB Landon McBurnie 0-0: Ball
1-0: SINGLE (Groundball, 6D, EV 105.6 MPH)
Batting: RHB D.J. McCue 0-0: Foul Ball, location: 2F
0-1: Foul Ball, location: 2F
0-2: Strikes out swinging
Bottom of the 6th over - 0 runs, 1 hit, 0 errors, 1 left on base; Gateway 4 - New Haven 1
TOP OF THE 7TH
Gateway Grizzlies batting - Pitching for New Haven Ravens : RHP Blake Cox
Batting: LHB León Amador 0-0: Ball
1-0: Ball
2-0: Ball
3-0: Base on Balls
Batting: LHB Jake Butler 0-0: Bunted foul
0-1: Bunt missed!
0-2: Foul Ball, location: 2F
0-2: Strikes out looking
Batting: RHB Ryan DesMarais 0-0: Ball
1-0: Swinging Strike
1-1: Called Strike
1-2: Foul Ball, location: 2F
1-2: Ball
2-2: Grounds into double play, 6-4-3 (Groundball, 6, EV 83.1 MPH)
Top of the 7th over - 0 runs, 0 hits, 0 errors, 0 left on base; Gateway 4 - New Haven 1
BOTTOM OF THE 7TH
New Haven Ravens batting - Pitching for Gateway Grizzlies : LHP Dan McLean
Batting: RHB Alexander Brenner 0-0: Ball
1-0: Foul Ball, location: 2F
1-1: Foul Ball, location: 2F
1-2: Ball
2-2: Foul Ball, location: 2F
2-2: Ground out 6-3 (Groundball, 6, EV 78.8 MPH)
Pitching: RHP Juan Caldera
Batting: LHB Keith Lee 0-0: Ball
1-0: Fly out, F9 (Flyball, 89S, EV 78.1 MPH)
Batting: RHB Adam Widder 0-0: Foul Ball, location: 2F
0-1: Ball
1-1: Called Strike
1-2: Strikes out looking
Bottom of the 7th over - 0 runs, 0 hits, 0 errors, 0 left on base; Gateway 4 - New Haven 1
TOP OF THE 8TH
Gateway Grizzlies batting - Pitching for New Haven Ravens : RHP Blake Cox
Batting: LHB Ben Mizzell 0-0: Ball
1-0: Foul Ball, location: 2F
1-1: Called Strike
1-2: Ball
2-2: Fly out, F3 (Flyball, 34D, EV 81.2 MPH)
Batting: SHB Chris Onder 0-0: Fly out, F5 (Line Drive, 5, EV 73.8 MPH)
Batting: LHB Josh Harms 0-0: Foul Ball, location: 2F
0-1: Ball
1-1: SINGLE (Line Drive, 3D, EV 102.5 MPH)
Batting: RHB Jose Reyna 0-0: Ball
1-0: Foul Ball, location: 2F
1-1: Ball
2-1: Called Strike
2-2: SINGLE (Groundball, 56D, EV 100.6 MPH)
Josh Harms to second
Batting: RHB Rodolfo Lugo 0-0: Ball
1-0: Ground out 4-3 (Groundball, 4D, EV 101.9 MPH)
Top of the 8th over - 0 runs, 2 hits, 0 errors, 2 left on base; Gateway 4 - New Haven 1
BOTTOM OF THE 8TH
New Haven Ravens batting - Pitching for Gateway Grizzlies : RHP Juan Caldera
Batting: RHB Heath Calvillo 0-0: Ball
1-0: Ground out 1-3 (Groundball, 15S, EV 66.2 MPH)
Batting: RHB Carter Johnson 0-0: Called Strike
0-1: Ball
1-1: Fly out, F7 (Flyball, 7S, EV 76.2 MPH)
Batting: RHB Kayvon Terry 0-0: Ball
1-0: Ball
2-0: Ball
3-0: Called Strike
3-1: Foul Ball, location: 2F
3-2: Foul Ball, location: 2F
3-2: Foul Ball, location: 2F
3-2: Base on Balls
Batting: LHB Clive Frisco 0-0: Ball
1-0: 2-RUN HOME RUN (Flyball, 9LD, EV 96.2 MPH), Distance : 342 ft
Batting: RHB Landon McBurnie 0-0: Foul Ball, location: 2F
0-1: Ground out 6-3 (Groundball, 56, EV 103.1 MPH)
Bottom of the 8th over - 2 runs, 1 hit, 0 errors, 0 left on base; Gateway 4 - New Haven 3
TOP OF THE 9TH
Gateway Grizzlies batting - Pitching for New Haven Ravens : RHP Blake Cox
Batting: RHB Andy Burkholder 0-0: Ball
1-0: Called Strike
1-1: Ball
2-1: Ground out 6-3 (Groundball, 56, EV 102.5 MPH)
Batting: LHB León Amador 0-0: Called Strike
0-1: SINGLE (Flyball, 34D, EV 87.5 MPH)
Pitching: LHP Matt Glenn
Batting: LHB Jake Butler 0-0: Ball
1-0: Called Strike
1-1: Fly out, F4 (Line Drive, 4, EV 68.1 MPH)
Pitching: RHP Slider Van der Wilt
Batting: RHB Ryan DesMarais 0-0: Ball
1-0: Foul Ball, location: 2F
1-1: Ball
2-1: Ball
3-1: Swinging Strike
3-2: Foul Ball, location: 2F
3-2: 2-RUN HOME RUN (Flyball, 7LD, EV 97.5 MPH), Distance : 362 ft
Batting: LHB Ben Mizzell 0-0: Swinging Strike
0-1: Swinging Strike
0-2: Hit by Pitch
Batting: SHB Chris Onder 0-0: Ball
1-0: Ball
2-0: SINGLE (Groundball, 6S, EV 73.8 MPH) (infield hit)
Ben Mizzell to second
Batting: LHB Josh Harms 0-0: Swinging Strike
Passed Ball!
Ben Mizzell to third
Chris Onder to second
0-1: Ground out U3 (Groundball, 3, EV 88.1 MPH)
Top of the 9th over - 2 runs, 3 hits, 0 errors, 2 left on base; Gateway 6 - New Haven 3
BOTTOM OF THE 9TH
New Haven Ravens batting - Pitching for Gateway Grizzlies : RHP Juan Caldera
Pitching: RHP Billy Vassar
Batting: RHB D.J. McCue 0-0: Called Strike
0-1: Foul Ball, location: 2F
0-2: Ball
1-2: Ball
2-2: Foul Ball, location: 2F
2-2: Foul Ball, location: 2F
2-2: Ground out 6-3 (Groundball, 6, EV 104.4 MPH)
Batting: RHB Alexander Brenner 0-0: Ball
1-0: Ball
2-0: Ground out 6-3 (Groundball, 6D, EV 103.8 MPH)
Batting: LHB Keith Lee 0-0: Foul Ball, location: 2F
0-1: Ball
1-1: Ground out 5-3 (Groundball, 5S, EV 71.9 MPH)
Bottom of the 9th over - 0 runs, 0 hits, 0 errors, 0 left on base; Gateway 6 - New Haven 3
Friday, April 26th , 2024 - OOTP Baseball 24.11 Build 85